← All builds
Tech / Armada / Economy first / OBSERVED BUILD

Standard tech

Armada Tech (Eco) build order · Supreme Isthmus

Rushes T2 factory and Advanced Metal Extractor while sending the first T2 constructor to Geo, scaling team eco and mex upgrades through the full 15 minutes.

Usually first T2 con to Geo (84%)

#eco #t2 #team support · 901 distinct matches · 120 players · 60% of Armada Tech games · team won 53% of 1034 · Recently observed

HOW TO PLAY IT

Key timing: T2 factory by 4:15

  1. Open mex and wind, start bot lab right away.
  2. Get bot lab up and begin feeding early cons.
  3. Start advanced bot lab to rush T2 factory.
  4. Finish T2 factory and push advanced metal extractor by 5:29.
  5. Build Citadel, Platypus and Umbrella as anti-nuke defence transition.

Phase by phase

TYPICAL OF ITS 901 GAMES
  1. 1
  2. 2
  3. 3
  4. 4
PLAY THE OPENING

Follow the example game's first 6:00 step by step: what to build now, what comes next, and where it goes. At 1× it keeps pace with your own game.

  1. 1

    Up to the Bot Lab

    Economy
    • Metal Extractor3Mex
    • Wind Turbine4Wind
    Order
    1. Bot LabBot Lab after 3 mex, 4 winddone ~1:17, middle half 1:13–1:31

    By 1:01 in all: 3 mex · 4 wind

    The example game in this phase · 5 steps
    1. Mex ×3
    2. Wind ×5
    3. Energy storage
    4. Wind
    5. Bot LabBot Labdone 1:40 · typical 1:17
  2. 2

    Bot Lab to Advanced Bot Lab

    Economy
    • Metal Extractor1Mex
    • Wind Turbine8Wind
    • Energy Storage1Energy storage
    Order
    1. Advanced Bot LabAdvanced Bot Lab after 4 mex, 12 wind, 3 con turretdone ~4:15, middle half 4:04–4:28
    Builders
    • Construction Turret3 Con turret
    • Lazarus3 Lazarus
    • Construction Bot2 Con bot
    • Construction Bot1 Con bot for allies

    Some games also: converter (35%)

    By 3:19 in all: 4 mex · 12 wind · 1 energy storage · 3 con turret

    The example game in this phase · 10 steps
    1. Construction BotCon bot
    2. Construction BotCon botfor Air
    3. LazarusLazarus ×3
    4. Mex
    5. Construction BotCon bot
    6. LazarusLazarus
    7. Con turret
    8. LazarusLazarus
    9. Con turret ×2
    10. Advanced Bot LabAdvanced Bot Labdone 4:25 · typical 4:15
  3. 3

    Advanced Bot Lab to 5:00

    Economy
    • Wind Turbine2Wind
    Order
    1. Bot LabEat Bot Lab
    Builders
    • Advanced Construction Bot1 T2 con bot for allies

    Some games also: converter (35%)

    By 5:00 in all: 4 mex · 15 wind · 2 converter · 1 energy storage · 3 con turret

    The example game in this phase · 7 steps
    1. Wind
    2. Bot LabEat Bot Labreclaimed for its metal
    3. Wind ×11
    4. GunslingerGunslingerfor Ponddone 4:44
    5. Wind ×4
    6. Advanced Construction BotT2 con botfor Geo
    7. Wind ×3
  4. 4

    5:00 to 10:00

    Economy
    • Wind Turbine44Wind
    • Energy Converter6Converter
    Builders
    • Butler8 Butler
    • Advanced Construction Bot4 T2 con bot for allies
    • Advanced Construction Bot1 T2 con bot

    Some games also: con turret (49%) · Butler for allies (37%)

    By 10:00 in all: 4 mex · 59 wind · 8 converter · 1 energy storage · 3 con turret

    The example game in this phase · 98 steps
    1. Wind ×2
    2. Advanced Metal ExtractorT2 mexdone 6:08 · typical 5:29
    3. Wind ×3
    4. Converter
    5. Wind
    6. Converter ×2
    7. Advanced Construction BotT2 con botfor Air
    8. Wind ×3
    9. Converter
    10. Wind ×5
    11. Advanced Metal ExtractorT2 mex
    12. Wind ×7
    13. Advanced Construction BotT2 con botfor Geo sea
    14. Wind ×9
    15. Advanced Metal ExtractorT2 mex
    16. Wind
    17. Advanced Construction BotT2 con botfor Beach sea
    18. Advanced Metal ExtractorT2 mex
    19. Wind ×4
    20. Advanced Construction BotT2 con botfor Pond
    21. Wind ×5
    22. Con turret
    23. Wind
    24. Advanced Construction BotT2 con bot
    25. Con turret ×2
    26. Wind
    27. Con turret
    28. Advanced Construction BotT2 con botfor Geo sea
    29. Con turret ×3
    30. Wind
    31. ButlerButler ×2
    32. Wind
    33. ButlerButler ×3
    34. RattlesnakeRattlesnakefor Ponddone 11:29
    35. ButlerButler
    36. Wind
    37. ButlerButler
    38. Wind ×6
    39. Converter
    40. Wind ×2
    41. Converter
    42. Wind
    43. Advanced Bot LabEat Advanced Bot Labreclaimed for its metal
    44. Converter
    45. Wind ×5
    46. Converter
    47. Wind
    48. Con turret
    49. Wind
    50. Con turret
    51. Converter ×2
    52. Wind ×2
    53. ArbalestArbalest
    54. Converter ×2
    55. Wind
    56. Converter ×2
    57. Wind
    58. Advanced Fusion ReactorAdvanced Fusion Reactornot finished by 15:00
    59. Converter ×2
    60. Con turret
    61. Converter ×2
    62. Con turret
    63. Converter
    64. Con turret
    65. Converter ×17
    66. Vehicle PlantVehicle Plantdone 13:14
    67. Converter ×5
    68. BlitzBlitz
    69. Converter
    70. BlitzBlitz
    71. Converter
    72. BlitzBlitz
    73. Converter
    74. BlitzBlitz ×2
    75. Converter ×2
    76. BlitzBlitz ×2
    77. Bot LabBot Labdone 14:03
    78. BlitzBlitz
    79. Converter ×2
    80. BlitzBlitz ×2
    81. Converter ×2
    82. BlitzBlitz
    83. Converter ×2
    84. BlitzBlitz
    85. Converter ×2
    86. BlitzBlitz
    87. Converter
    88. Vehicle PlantEat Vehicle Plantreclaimed for its metal
    89. LazarusLazarus
    90. Converter
    91. LazarusLazarus
    92. Converter
    93. LazarusLazarus
    94. Converter
    95. LazarusLazarus
    96. Converter
    97. LazarusLazarus
    98. Converter ×11

Counts are medians over the build's games: half of them build more, half fewer. The example game is Damsko's (41 OS, 07/10/2026); pick another.

Team trades

IN AT LEAST 30% OF ITS GAMES

You hand over

  • Construction Bot1 Con bot to Airfirst at 2:22 · in 87% of games
  • Advanced Construction Bot5 T2 con bot to Air or Geo sea or Pondfirst at 4:48 · in 99% of games
  • Sharpshooter2 Sniper bot to Pondfirst at 5:23 · in 32% of games
  • Butler2 Butler to Geo sea or Beach sea or Pondfirst at 9:05 · in 42% of games

You get

  • Hercules1 Light transport from Airfirst at 4:00 · in 85% of games

How it plays out

Typical game of this build, running totals by minute

Metal produced

020k40k
0:005:0010:0015:00

metal

Enemy metal destroyed

0100200300
0:005:0010:0015:00

metal

Own metal lost

0100200300
0:005:0010:0015:00

metal

1034 games.

Show as table
ByMetal produced: This buildEnemy metal destroyed: This buildOwn metal lost: This build
1:0038300
2:0091600
3:00164500
4:00316200
5:00486400
6:00580800
7:00723600
8:00911000
9:001125000
10:001358800
11:001643300
12:001999100
13:002375900
14:00276067381
15:0031704295204
WHAT THE NUMBERS SAY

This is the role's textbook T2 rush, posting the highest metal production of any build shown (31617 by 15:00) with almost no early losses.

  • + T2 factory done by 4:15 in 97% of games, extremely consistent.
  • + Own metal lost is only 228 by 15:00, near untouched economy.
  • − Team win rate is the lowest of all builds shown at 53%, fast eco alone doesn't decide games.
THE EXAMPLE YOU ARE READING

Damsko

40.7 OS · 07/10/2026

Open source match ↗

3 received units · includes a constructor
2711 metal received · 21683 energy received

Allied construction assistance is unknown. Timings are observations, not a promise of solo reproducibility.

Typical milestones

Bot Lab1:17Middle 50%: 1:13–1:31 · n=1034
Advanced Bot Lab4:15Middle 50%: 4:04–4:28 · n=1028
Advanced Metal Extractor5:29Middle 50%: 5:06–5:59 · n=1032

Played most by

Amrissa100games of this buildKOT_45games of this buildSyphos42games of this buildAdeus39games of this buildWashedGamuer39games of this build